 Dungeon Crawl Stone Soup version 0.31.0-11-ge490571c62 (webtiles) character file.

Game seed: 1160003823675062569

25 protoss039 the Digger (level 2, 21/21 HPs)
             Began as a Demonspawn Earth Elementalist on Jan 31, 2024.
             Got out of the dungeon alive.
             The game lasted 00:01:14 (948 turns).

protoss039 the Digger (DsEE)                         Turns: 948, Time: 00:01:14

Health: 21/21      AC:  5    Str:  8    XL:     2   Next: 82%
Magic:  14/14      EV: 11    Int: 15    God:
Gold:   60         SH:  0    Dex: 13    Spells: 4/5 levels left

rFire   . . .        (no weapon)
rCold   . . .        (no shield)
rNeg    . . .        j - +0 leather armour
rPois   .            (no helmet)
rElec   .            (no cloak)
rCorr   .            (no gloves)
SInv    .            (no boots)
Will    .....        (no amulet)
Stlth   ++           h - ring of magical power
HPRegen 0.23/turn    (no ring)
MPRegen 0.14/turn

%: no passive effects
@: no status effects
A: icy blue scales 1
a: no special abilities


You escaped.
You visited 1 branch of the dungeon, and saw 1 of its levels.

You collected 60 gold pieces.

Inventory:

Armour
 j - a +0 leather armour (worn)
Jewellery
 h - a ring of magical power (left hand)
Scrolls
 c - 3 scrolls of fear {unknown}
 f - a scroll of silence {unknown}
 i - a scroll of poison {unknown}
Potions
 b - a potion of magic
 d - a potion of degeneration {unknown}
 e - a potion of ambrosia {unknown}
 g - a potion of enlightenment {unknown}


   Skills:
 + Level 1.3 Fighting
 - Level 1.7 Dodging
 - Level 1.7 Stealth
 + Level 2.4 Spellcasting
 - Level 1.0 Conjurations
 + Level 3.0 Earth Magic


You had 4 spell levels left.
You knew the following spells:

 Your Spells              Type           Power      Damage    Failure   Level
a - Sandblast             Erth           22%        2d7       9%          1

Your spell library contained the following spells:

 Spells                   Type           Power      Damage    Failure   Level
 Shock                    Conj/Air       12%        1d3       26%         1
 Passwall                 Erth           11%        N/A       26%         3
 Stone Arrow              Conj/Erth      14%        3d7       38%         3
 Swiftness                Air            1%         N/A       67%         3
 Brom's Barrelling Bould  Conj/Erth      7%         2d3       80%         4
 Petrify                  Alch/Erth      6%         N/A       86%         4
 Airstrike                Air            0%         2d(1-17)  97%         4


Dungeon Overview and Level Annotations

Branches:
Dungeon (1/15) Zot: 5038

Altars:


Innate Abilities, Weirdness & Mutations

You are partially covered in icy blue scales. (AC +2)


Message History

Unknown command.
Casting: Sandblast (safe; 6% risk of failure)
Confirm with . or Enter, or press ? or * to list all spells.
Aiming: Sandblast (safe; 6% risk of failure)
Press: ? - help, Shift-Dir - straight line, f - you That would be overly suicidal.
Okay, then.
Unknown command.
You see here a +0 leather armour.
j - a +0 leather armour You start removing your armour.
You continue taking off your +0 robe. x4
You finish taking off your +0 robe.
You start putting on your armour.
You continue putting on your +0 leather armour. x5
You finish putting on your +0 leather armour.
Unknown command.
You drop a +0 robe.
A goblin comes into view. It is wielding a +0 club.
A goblin is nearby!
A goblin is nearby!
A goblin is nearby!
The goblin shouts!
Casting: Sandblast (safe; 9% risk of failure)
Confirm with . or Enter, or press ? or * to list all spells.
Aiming: Sandblast (safe; 9% risk of failure)
Press: ? - help, Shift-Dir - straight line, f - goblin
Aim: a goblin, wielding a +0 club (77% to hit)
The blast of sand hits the goblin!
You kill the goblin!
Unknown command.
Found a scale mail.
You see here 9 stones.
You see here 9 stones.
Done exploring.
Done exploring.
Done exploring.
Done exploring.
Search for what [Enter for "talis", or ? for help]? .
There is a staircase leading out of the dungeon here.
You have escaped!

#.#.#.# ### #. #.....# #########
#. #.....# #.......#####.
#.....####.......##....
#................##.#..
#......##........##.#.# #######
#......##........##.#.. #.....#
###..............##.#.. ....#.#
#...@..........##.#>. ....#.#
#....#######....#.... ..#.#.#
##...##...##....####. ..#.#.#
#...#.##'.#....# #. ....#.#
#...#.#⌠#.'..#.####.
....#.########...#.###.#.......#.
..............#..##...##.........
....####.####.#..#######....##.##
###.#.......#.#............###.##


There were no monsters in sight!

Vanquished Creatures
  A dart slug (D:1)
  3 ball pythons (D:1)
  2 hobgoblins (D:1)
  8 jackals (D:1)
  A quokka (D:1)
  2 bats (D:1)
  A goblin (D:1)
  2 rats (D:1)
20 creatures vanquished.

Notes
Turn   | Place    | Note
-------+----------+-------------------------------------------
     0 | D:1      | protoss039 the Demonspawn Earth Elementalist began the
                  | quest for the Orb.
     0 | D:1      | Reached XP level 1. HP: 13/13 MP: 3/3
   296 | D:1      | Gained mutation: You are partially covered in icy blue
                  | scales. (AC +2) [demonic ancestry]
   296 | D:1      | Reached XP level 2. HP: 20/20 MP: 1/5
   329 | D:1      | Reached skill level 1 in Fighting
   467 | D:1      | Found a faded altar of an unknown god.
   469 | D:1      | Reached skill level 3 in Earth Magic
   948 | D:$      | Got out of the dungeon alive.

Illustrated notes

Levels and vault maps discovered:
D:1:      minmay_arrival_stone_box, layout_loops_cross,
          hellmonk_ecumenical_altar_lost_god

Skill      XL: |  1  2 |
---------------+-------+-----
Fighting       | 1 |  1.3
Earth Magic    | 3 |  3.0
Dodging        | |  1.7
Stealth        | |  1.7
Spellcasting   | |  2.4
Conjurations   | |  1.0

Action                     || total
---------------------------++-------
  Melee: Unarmed           ||    48
   Cast: Sandblast         ||    28
 Armour: Robe              ||    47
  Dodge: Dodged            ||    47
